 Dungeon Crawl Stone Soup version 0.31-a0-986-g5e6e4ef867 (webtiles) character file.

Game seed: 9644818258540547675

7025 Curundu the Carver (level 10, -10/86 HPs)
             Began as a Yellow Draconian Berserker on Nov 15, 2023.
             Was a High Priest of Trog.
             Succumbed to a swamp dragon's poison gas
             ... on level 10 of the Dungeon.
             The game lasted 01:26:46 (8958 turns).

Curundu the Carver (Yellow Draconian Berserker)     Turns: 8958, Time: 01:26:47

Health: -10/86     AC: 19    Str: 19    XL:     10   Next: 82%
Magic:  10/10      EV: 17    Int:  5    God:    Trog [*****.]
Gold:   498        SH:  5    Dex: 20    Spells: 9/9 levels left

rFire   x . .        d - +1 great sword (protect)
rCold   + . .        (shield currently unavailable)
rNeg    . . .        (body armour unavailable)
rPois   .            (helmet restricted)
rElec   .            (no cloak)
rCorr   +            (no gloves)
SInv    .            y - +0 pair of boots
Will    .....        v - amulet of reflection
Stlth   +++          h - +4 ring of protection
HPRegen 0.34/turn    w - ring of Wofett {Ice Int-3 Dex+5}
MPRegen 0.12/turn

%: reflection
@: lethally poisoned (-10 -> -94), under a protective aura
A: spit acid, AC +7, unfitting armour, cold-blooded, acid resistance
a: Breathe Acid, Renounce Religion, Berserk, Trog's Hand, Brothers in Arms


You were on level 10 of the Dungeon.
You worshipped Trog.
Trog was extremely pleased with you.
You visited 1 branch of the dungeon, and saw 10 of its levels.

You collected 498 gold pieces.

Inventory:

Hand Weapons
 a - a +0 hand axe
 d - a +1 great sword of protection (weapon)
 i - a +4 short sword
 K - a +2 dagger of flaming
Missiles
 r - 6 poisoned darts
 z - a boomerang
Armour
 o - a +0 tower shield
 y - a +0 pair of boots (worn)
Magical Staves
 j - a staff of conjuration
Jewellery
 h - a +4 ring of protection (left hand)
 v - an amulet of reflection (around neck)
 w - the ring of Wofett (right hand) {Ice Int-3 Dex+5}
   (You found it on level 5 of the Dungeon)

   [ring of ice]

   Ice:       It enhances your ice magic.
   Int-3:     It affects your intelligence (-3).
   Dex+5:     It affects your dexterity (+5).
   rF-:       It makes you vulnerable to fire.
   rC+:       It protects you from cold.
Wands
 m - a wand of roots (12)
 n - a wand of polymorph (7) (quivered)
 F - a wand of flame (6)
 Q - a wand of acid (3)
Scrolls
 b - a scroll of enchant weapon {unknown}
 l - 2 scrolls of vulnerability
 p - 2 scrolls of teleportation
 t - a scroll of fear {unknown}
 u - a scroll of acquirement {unknown}
 x - 2 scrolls of fog {unknown}
 A - a scroll of noise {unknown}
 E - a scroll of silence {unknown}
 H - 2 scrolls of revelation {unknown}
 I - a scroll of immolation {unknown}
 N - a scroll of identify
 O - 3 scrolls of enchant armour {unknown}
Potions
 c - 2 potions of might {unknown}
 e - a potion of ambrosia
 f - 3 potions of curing {unknown}
 g - a potion of degeneration {unknown}
 k - a potion of magic {unknown}
 q - 3 potions of cancellation
 s - 2 potions of enlightenment {unknown}
 B - a potion of lignification {unknown}
 C - a potion of mutation {unknown}
 D - a potion of brilliance
 G - 2 potions of haste {unknown}
 L - a potion of heal wounds {unknown}
 M - a potion of attraction {unknown}
Miscellaneous
 J - a phantom mirror


   Skills:
 + Level 7.6 Fighting
 + Level 11.2 Long Blades
 + Level 4.2 Axes
 + Level 3.0 Throwing
 + Level 7.4 Dodging
 + Level 3.5 Stealth
 + Level 3.9 Shields
 + Level 1.0 Evocations


You had 9 spell levels left.
You didn't know any spells.
Your spell library contained the following spells:

 Spells                   Type           Power      Damage    Failure   Level
 Foxfire                  Conj/Fire      0%         2x1d4     47%         1
 Magic Dart               Conj           0%         1d3       47%         1
 Call Imp                 Summ           0%         N/A       63%         2
 Call Canine Familiar     Summ           0%         N/A       85%         3
 Inner Flame              Hex/Fire       0%         N/A       85%         3
 Mephitic Cloud           Conj/Pois/Air  0%         N/A       85%         3
 Sigil of Binding         Hex            0%         N/A       85%         3
 Summon Guardian Golem    Hex/Summ       0%         N/A       85%         3
 Dimensional Bullseye     Hex/Tloc       0%         N/A       99%         4
 Leda's Liquefaction      Hex/Erth       0%         N/A       99%         4
 Yara's Violent Unravell  Hex/Tmut       0%         3d3       100%        5
 Plasma Beam              Fire/Air       0%         2x1d10    100%        6
 Starburst                Conj/Fire      0%         6d3       100%        6
 Enfeeble                 Hex            0%         N/A       100%        7
 Orb of Destruction       Conj           0%         9d5       100%        7
 Spellforged Servitor     Conj/Summ      0%         N/A       100%        7


Dungeon Overview and Level Annotations

Branches:
Dungeon (10/15)              Lair (0/5) D:8             Orc (0/2) D:9
 Temple: D:4-7

Altars:
Fedhas
Gozag
Hepliaklqana
Okawaru
Sif Muna
Trog
Uskayaw
Vehumet
Wu Jian
Yredelemnul
The Shining One

Shops:
D:4 *   D:5 (   D:9 !


Innate Abilities, Weirdness & Mutations

You can spit globs of acid.
Your golden yellow scales are hard. (AC +7)
You cannot fit into any form of body armour.
You are cold-blooded and may be slowed by cold attacks.
You are resistant to acid. (rCorr)


Message History

a +0 dagger; a +0 robe
Aiming: Polymorph
Press: ? - help, Q - select action, (/) - cycle Shift-Dir - straight line, f - manticore
Aim: a manticore (wandering, hasn't noticed you, will become a swamp dragon, a glass eye, or a moth of wrath, chance to affect: 33%)
The manticore evaporates and reforms as a swamp dragon!
Aiming: Polymorph
Press: ? - help, Q - select action, (/) - cycle Shift-Dir - straight line, f/p - swamp dragon
Aim: a swamp dragon (will become a glass eye, a manticore, or a moth of wrath, chance to affect: 33%)
The swamp dragon easily resists.
The swamp dragon breathes poison at you.
The blast of poison engulfs you.
You are poisoned.
You are engulfed in poison gas.
You are more poisoned.
You feel very sick.
The swamp dragon breathes poison at you.
The blast of poison engulfs you!
You are more poisoned.
You are engulfed in poison gas.
You are more poisoned.
You feel extremely sick.
You are engulfed in poison gas.
You are lethally poisoned!
You feel extremely sick. The swamp dragon bites you.
The swamp dragon misses you. The swamp dragon barely misses you.
You slash the swamp dragon!
Your weapon exudes an aura of protection.
The swamp dragon is moderately wounded.
You are engulfed in poison gas.
You are more poisoned.
* * * LOW HITPOINT WARNING * * *
You feel extremely sick.
The swamp dragon breathes poison at you.
The blast of poison engulfs you but does no damage.
You are more poisoned.
You slice the swamp dragon!!
The swamp dragon is heavily wounded.
You are engulfed in poison gas.
You are more poisoned.
* * * LOW HITPOINT WARNING * * *
You die...

###############...###
............!.......
.......<.........>..
#°°................
#☼..°°.............
#☼°D.°°....>.......
#°@☼°..$...........
#○☼°..)...........<
#○.°°............o.
#☼.°)..............
###.○)...)...........
..........))..........$
..........)..##########
###########..# #..#


You could see a swamp dragon (catching breath).

Vanquished Creatures
  A troll (D:9)
  A hornet (D:10)
  Sigmund (D:5)
  19 yaks (D:9)
  2 steam dragons
  2 water moccasins
  An ice beast (D:8)
  2 orc warriors (D:10)
  A centaur (D:9)
  A phantom (D:6)
  A kobold brigand (D:6)
  4 bullfrogs
  2 gnoll sergeants (D:9)
  A scorpion (D:6)
  7 wights (D:9)
  11 killer bees
  3 howler monkeys
  A lava snake (D:9)
  5 hounds
  4 jellies
  4 orc priests
  2 gnoll boudas
  Terence (D:2)
  4 iguanas
  2 sleepcaps
  13 orc wizards
  15 gnolls
  10 adders
  2 white imps (D:7)
  An ufetubus (D:5)
  2 dart slugs
  33 orcs
  4 bats
  5 endoplasms
  2 giant cockroaches (D:2)
  3 goblins
  8 hobgoblins
  4 jackals (D:1)
  11 kobolds
  4 quokkas
  2 ball pythons (D:2)
  7 frilled lizards
  3 rats
212 creatures vanquished.

Vanquished Creatures (others)
  An orc wizard (D:5)
1 creature vanquished.

Grand Total: 213 creatures vanquished

Notes
Turn   | Place    | Note
-------+----------+-------------------------------------------
     0 | D:1      | Curundu the Draconian Berserker began the quest for the
                  | Orb.
     0 | D:1      | Reached XP level 1. HP: 19/19 MP: 1/1
   160 | D:1      | Reached XP level 2. HP: 26/26 MP: 2/2
   412 | D:1      | Reached XP level 3. HP: 20/33 MP: 3/3
   816 | D:2      | Found a faded altar of an unknown god.
   827 | D:2      | Reached ** piety under Trog
  1086 | D:2      | Noticed Terence
  1096 | D:2      | Killed Terence
  1097 | D:2      | Reached XP level 4. HP: 40/40 MP: 4/4
  1344 | D:3      | Identified the of Eshrach
  1344 | D:3      | Identified the "Kysiny Uteo"
  1344 | D:3      | Identified the of Xeni
  1344 | D:3      | Identified the "Sirats"
  1488 | D:3      | Found a shimmering blue altar of Sif Muna.
  1552 | D:3      | You fall into a shaft and drop 3 floors!
  1576 | D:6      | Found a hazy altar of Hepliaklqana.
  1677 | D:6      | Noticed a steam dragon
  1684 | D:6      | Killed a steam dragon
  1685 | D:6      | Reached skill level 2 in Long Blades
  1685 | D:6      | Reached skill level 1 in Stealth
  1685 | D:6      | Reached XP level 5. HP: 38/46 MP: 5/5
  1734 | D:6      | Noticed a phantom
  1741 | D:6      | Killed a phantom
  1742 | D:6      | Reached skill level 3 in Long Blades
  1742 | D:6      | Reached XP level 6. HP: 53/53 MP: 6/6
  1785 | D:6      | Reached skill level 1 in Throwing
  2057 | D:6      | Reached skill level 4 in Long Blades
  2057 | D:6      | Your scales start taking on a golden yellow colour.
  2057 | D:6      | Reached XP level 7. HP: 49/60 MP: 7/7
  2057 | D:6      | Gained mutation: You are resistant to acid. (rCorr) [Yellow
                  | Draconian growth]
  2614 | D:5      | Entered Level 5 of the Dungeon
  2859 | D:5      | Found a radiant altar of Vehumet.
  2981 | D:5      | Found Jeso Qek's Antique Weapon Boutique.
  3017 | D:5      | Reached skill level 5 in Long Blades
  3019 | D:5      | Reached *** piety under Trog
  3104 | D:5      | Identified the ring of Wofett {Ice Int-3 Dex+5}
  3173 | D:5      | Found a blossoming altar of Fedhas.
  3191 | D:5      | Noticed Sigmund
  3196 | D:5      | Reached skill level 5 in Fighting
  3213 | D:5      | Killed Sigmund
  3214 | D:5      | Reached XP level 8. HP: 29/68 MP: 8/8
  3676 | D:4      | Reached skill level 6 in Long Blades
  3676 | D:4      | Reached skill level 5 in Dodging
  3723 | D:4      | Found Gigoel's Lightly-Used Armoury.
  3843 | D:4      | Found a glowing drain.
  4267 | D:4      | Found a bloodstained altar of Trog.
  4397 | D:3      | Found a hide-covered altar of Uskayaw.
  4400 | D:3      | Found a faded altar of an unknown god.
  4924 | D:7      | Reached skill level 7 in Long Blades
  5014 | D:7      | Found an ornate altar of the Wu Jian Council.
  5126 | D:7      | Found an opulent altar of Gozag.
  5492 | D:7      | Reached **** piety under Trog
  5828 | D:7      | Reached skill level 1 in Shields
  5840 | D:8      | Found a staircase to the Lair.
  5880 | D:8      | Reached XP level 9. HP: 71/74 MP: 9/9
  5926 | D:8      | Reached skill level 8 in Long Blades
  6028 | D:8      | Found a flagged portal.
  6548 | D:8      | Found a glowing golden altar of the Shining One.
  6697 | D:8      | Found an iron altar of Okawaru.
  6996 | D:9      | Found a basalt altar of Yredelemnul.
  7061 | D:9      | Found a staircase to the Orcish Mines.
  7167 | D:9      | Reached skill level 9 in Long Blades
  7180 | D:9      | Reached skill level 1 in Evocations
  7307 | D:9      | Noticed a troll
  7480 | D:9      | Killed a troll
  7481 | D:9      | Reached XP level 10. HP: 84/84 MP: 10/10
  7524 | D:9      | Reached skill level 10 in Long Blades
  7553 | D:9      | Reached ***** piety under Trog
  8271 | D:9      | Reached skill level 11 in Long Blades
  8455 | D:9      | Found Wutsi's Distillery.
  8623 | D:10     | Entered Level 10 of the Dungeon
  8853 | D:10     | Paralysed by a hornet for 3 turns
  8950 | D:10     | Noticed a manticore
  8952 | D:10     | a manticore changed into a swamp dragon
  8952 | D:10     | Noticed a swamp dragon
  8958 | D:10     | Succumbed to a swamp dragon's poison gas

Illustrated notes

Levels and vault maps discovered:
D:1:      scummos_arrival_simple_crosswalls, layout_rooms
D:2:      layout_basic, hellmonk_ecumenical_altar_lost_god, uniq_terence
D:3:      layout_basic, nicolae_sif_muna_little_library,
          nemelex_xobeh_ov_fountains_minmay, nicolae_overflow_ecumenical_swirl,
          amcnicky_altar_gilded, mainiacjoe_overflow_surrounded_room,
          kennysheep_generic_room_16, uniq_jessica
D:4:      layout_basic, trog_hazing_becter, minmay_temple_entry_overgrown,
          portal_sewer_entry_d, serial_glass, glass_columns_a, glass_columns_c,
          minmay_shop_damaged
D:5:      layout_rooms, nicolae_vehumet_radiance,
          mainiacjoe_overflow_tiny_flanked, serial_shops, shop,
          minmay_manual_macuahuitl, uniq_sigmund
D:6:      layout_basic, old_standard_altar, hangedman_decor_diamond_cutter
D:7:      layout_cave_pods, mainiacjoe_overflow_boulevard, kennysheep_mini_moat
D:8:      layout_rooms, okawaru_altar_gauntlet_db, tso_altar, enter_bailey_6
D:9:      layout_long_grid, mainiacjoe_overflow_catwalk, orc_0_dummy,
          chequers_serial_rivers_micro_d, nicolae_take_the_stairs,
          kennysheep_crisscross, minmay_misc_feat_columns,
          lightli_fourway_metalbox
D:10:     layout_long_grid, kennysheep_flooded_box

Skill      XL: |  1  2  3  4  5  6  7  8  9 10 |
---------------+-------------------------------+-----
Dodging        | 3 4 5 6 7 |  7.4
Axes           | 4 |  4.2
Fighting       | 4 5 6 7 |  7.6
Long Blades    | 2 3 4 5 7 9 11 | 11.2
Stealth        | 1 2 3 |  3.5
Throwing       | 1 2 3 |  3.0
Shields        | 1 2 3 |  3.9
Evocations     | 1 |  1.0

Action                     |  1- 3 |  4- 6 |  7- 9 | 10-12 || total
---------------------------+-------+-------+-------+-------++-------
  Melee: Hand axe          |    86 |       |       |       ||    86
         Tailslap          |     5 |    10 |    34 |    29 ||    78
         Punch             |     1 |       |       |       ||     1
         Great sword       |     5 |    96 |   302 |   178 ||   581
  Throw: Stone             |    10 |    28 |    20 |    43 ||   101
         Dart              |       |       |    11 |     2 ||    13
         Boomerang         |       |       |     4 |     1 ||     5
 Invoke: Trog's Hand       |       |       |     2 |       ||     2
Ability: Breathe Acid      |       |       |    18 |     3 ||    21
  Evoke: Wand              |       |       |     6 |     4 ||    10
    Use: Scroll            |     1 |       |     4 |       ||     5
   Stab: Sleeping          |     1 |       |     2 |       ||     3
         Paralysed         |       |       |     1 |       ||     1
 Armour: Skin              |    73 |    95 |   193 |   107 ||   468
  Dodge: Dodged            |    78 |   111 |   241 |   152 ||   582
  Block: Other             |       |       |    58 |    48 ||   106
         Reflection        |       |       |     4 |     1 ||     5

Table legend: (Time is in decaauts)
 A = Elapsed time spent in this place.
 B = Non-inter-level travel time spent in this place.
 C = Inter-level travel time spent in this place.
 D = Time resting spent in this place.
 E = Time spent auto-exploring this place.
 F = Levels seen in this place.
 G = Mean time per level.
                   A        B        C        D        E       F      G
               +--------+--------+--------+--------+--------+-----+--------+
         Total |   9172 |   9167 |      5 |   2332 |      0 |  10 |  917.2 |
       Dungeon |   9172 |   9167 |      5 |   2332 |      0 |  10 |  917.2 |
               +--------+--------+--------+--------+--------+-----+--------+

Top non-repeatable levels by time:
     D:9: 1660 daAuts
     D:7: 1298 daAuts
     D:8: 1177 daAuts
     D:6: 1115 daAuts
     D:5: 1065 daAuts
     D:4: 908 daAuts
     D:1: 720 daAuts
     D:2: 639 daAuts
    D:10: 342 daAuts
     D:3: 244 daAuts
